 Dungeon Crawl Stone Soup version 0.27-a0-277-g024f7ef292 (webtiles) character file.

Game seed: 1367206233681909099

7799 snetch the Cleaver (level 11, -7/99 HPs)
             Began as a Minotaur Berserker on Feb 5, 2021.
             Was an Elder of Trog.
             Killed from afar by an ice dragon (37 damage)
             ... with a blast of cold
             ... on level 10 of the Dungeon.
             The game lasted 00:43:33 (11406 turns).

snetch the Cleaver (Minotaur Berserker)            Turns: 11406, Time: 00:43:34

Health: -7/99      AC:  9    Str: 25    XL:     11   Next: 1%
Magic:  0/10       EV: 14    Int:  8    God:    Trog [****..]
Gold:   560        SH:  0    Dex: 10    Spells: 10/10 levels left

rFire    + . .     SeeInvis .   a - +4 battleaxe
rCold    . . .     Faith    .   (shield currently unavailable)
rNeg     . . .     Spirit   +   T - +3 leather armour
rPois    .         Reflect  .   (helmet restricted)
rElec    .         Harm     .   (no cloak)
rCorr    .         Rampage  .   X - +0 pair of gloves
Will     +....                  E - +0 pair of boots
Stlth    ++........             x - amulet of guardian spirit
HPRegen  0.26/turn              o - ring of willpower
MPRegen  0.12/turn              U - ring of Juxum {Wiz rF+ Int+4}

@: no status effects
A: retaliatory headbutt, horns 2
a: Renounce Religion, Berserk, Trog's Hand, Brothers in Arms


You were on level 10 of the Dungeon.
You worshipped Trog.
Trog was greatly pleased with you.
You visited 2 branches of the dungeon, and saw 11 of its levels.

You collected 882 gold pieces.
You spent 322 gold pieces at shops.

Inventory:

Hand Weapons
 a - a +4 battleaxe (weapon)
 b - the +5 quarterstaff of Disgust {flame, rF+ rN+ Will+ Dex-3}
   (You found it on level 10 of the Dungeon)

   It has been specially enchanted to burn those struck by it, causing extra
   injury to most foes and up to half again as much damage against particularly
   susceptible opponents.
   It affects your dexterity (-3).
   It protects you from fire.
   It protects you from negative energy.
   It affects your willpower, your defense against some magical effects.
 I - a +2 trident
 J - a +1 vorpal halberd
 V - a +0 flail of protection
Missiles
 e - 61 bolts
 g - 327 stones
 h - 57 sling bullets
 j - 225 arrows
 m - 29 poisoned darts (quivered)
 t - 9 boomerangs
 A - 4 javelins
Armour
 E - a +0 pair of boots (worn)
 R - a +0 plate armour
 T - a +3 leather armour (worn)
 W - +0 ice dragon scales
 X - a +0 pair of gloves (worn)
Jewellery
 n - an uncursed ring of poison resistance
 o - a ring of willpower (left hand)
 s - an uncursed ring of protection from fire
 x - an amulet of guardian spirit (around neck)
 H - an uncursed ring of flight
 U - the ring of Juxum (right hand) {Wiz rF+ Int+4}
   (You found it on level 8 of the Dungeon)

   [ring of wizardry]

   It improves your spell success rate.
   It affects your intelligence (+4).
   It protects you from fire.
Wands
 v - a wand of paralysis (13)
 D - a wand of acid (13)
 N - a wand of iceblast (14)
 Z - a wand of polymorph (11)
Scrolls
 c - 5 scrolls of remove curse
 f - 2 scrolls of immolation {unknown}
 q - 6 scrolls of teleportation
 w - a scroll of fog
 B - a scroll of brand weapon
 F - a scroll of summoning
 M - a scroll of enchant weapon {unknown}
 O - a scroll of amnesia {unknown}
 S - a scroll of magic mapping {unknown}
Potions
 d - a potion of cancellation
 i - 2 potions of lignification {unknown}
 l - a potion of heal wounds
 r - 8 potions of curing
 z - 2 potions of magic {unknown}
 G - a potion of resistance
 P - 2 potions of flight
 Q - a potion of might
Miscellaneous
 Y - a lightning rod (4/4)


   Skills:
 + Level 10.0 Fighting
 + Level 13.6 Axes
 + Level 0.4 Throwing
 + Level 8.3 Armour
 + Level 7.2 Dodging
 + Level 2.8 Stealth
 + Level 0.8 Evocations


You had 10 spell levels left.
You didn't know any spells.
Your spell library contained the following spells:

 Spells                   Type           Power        Failure   Level
 Summon Small Mammal      Summ           0%           19%         1
 Call Imp                 Summ           0%           28%         2
 Call Canine Familiar     Summ           0%           47%         3
 Summon Guardian Golem    Hex/Summ       0%           47%         3
 Summon Ice Beast         Ice/Summ       0%           86%         4
 Summon Lightning Spire   Summ/Air       0%           86%         4


Dungeon Overview and Level Annotations

Branches:
Dungeon (10/15)            Temple (1/1) D:5             Orc (0/2) D:9
   Lair: D:8-11

Altars:
Ashenzari
Cheibriados
Dithmenos
Elyvilon
Fedhas
Gozag
Hepliaklqana
Kikubaaqudgha
Makhleb
Nemelex Xobeh
Okawaru
Qazlal
Ru
Sif Muna
Trog
Uskayaw
Vehumet
Wu Jian
Xom
Yredelemnul
Zin
The Shining One

Shops:
D:7 [!   D:8 ?


Innate Abilities, Weirdness & Mutations

You reflexively headbutt those who attack you in melee.
You have a pair of horns on your head.


Message History

Press: ? - help, Q - select action, (/) - cycle Shift-Dir - straight line, f/p - ice dragon
Aim: an ice dragon (catching its breath, 69% to hit)
You throw a poisoned dart.
The poisoned dart completely misses the ice dragon.
The poisoned dart closely misses the deep elf pyromancer.
You fail to use your ability.
The ice dragon bites you.
* * * LOW HITPOINT WARNING * * *
The ice dragon claws you.
* * * LOW HITPOINT WARNING * * *
The ice dragon barely misses you.
Unknown command.
You feel much better. The ice dragon bites you!
* * * LOW HITPOINT WARNING * * *
The ice dragon closely misses you. The ice dragon tramples you!
* * * LOW HITPOINT WARNING * * *
You stumble backwards!
You feel much better. The ice dragon breathes frost at you.
The blast of cold hits you!!!
You die...

#.##.#.##.#☼# #.###....##.#†
#.#.###.#.#e## ##(##†.).##..#.
#..######.#..#####..##..###...#.
#.........##...(...######....##.
######.#########.#########.#####.
.................................
#.####...........#######..#######
#.# #.........eD#######..#
..####..........@.........#######
.................................
####.........................####
#.######.....)............# #.#
#..................# #.#
#..)...............# ####.#
#..................####
.....######......................
.................................


You could see an ice dragon (catching breath) and a deep elf pyromancer.

Vanquished Creatures
  An ice dragon (D:10)
  A boulder beetle (D:10)
  A two-headed ogre (D:9)
  4 trolls
  6 yaks (D:9)
  Menkaure (D:5)
  The ghost of lunkers the Sneak, an amateur KoBr (D:4)
  A water moccasin (D:7)
  3 orc warriors
  3 sky beasts
  5 black bears
  An ice beast (D:7)
  5 ogres
  3 centaurs
  A phantom (D:9)
  3 bullfrogs
  2 scorpions
  4 wights (D:7)
  An electric eel (D:8)
  A howler monkey (D:5)
  5 hounds
  2 centaur zombies
  A jelly (D:10)
  A bullfrog skeleton (D:10)
  3 orc priests
  An iguana (D:9)
  Terence (D:3)
  11 worker ants
  Natasha (thrice) (D:2)
  10 orc wizards
  A hound skeleton (D:7)
  2 worker ant zombies
  6 gnolls
  8 adders
  2 shadow imps (D:5)
  2 white imps
  2 adder skeletons
  5 worms
  3 dart slugs
  5 leopard geckos
  25 orcs
  8 bats
  6 giant cockroaches
  6 goblins
  8 hobgoblins
  3 jackals (D:1)
  5 quokkas
  5 frilled lizards
  9 kobolds
  A leopard gecko skeleton (D:4)
  3 rats
  A bush (D:8)
202 creatures vanquished.

Vanquished Creatures (others)
  4 fungi (D:8)
4 creatures vanquished.

Grand Total: 206 creatures vanquished

Notes
Turn   | Place    | Note
-------+----------+-------------------------------------------
     0 | D:1      | snetch the Minotaur Berserker began the quest for the Orb.
     0 | D:1      | Reached XP level 1. HP: 19/19 MP: 0/0
   220 | D:1      | Reached skill level 4 in Axes
   250 | D:1      | Reached XP level 2. HP: 25/27 MP: 1/1
   725 | D:1      | Found a shimmering blue altar of Sif Muna.
   727 | D:1      | Found a shimmering altar of Xom.
   727 | D:1      | Found a sacrificial altar of Ru.
   729 | D:1      | Found a broken altar of Ashenzari.
   729 | D:1      | Found an opulent altar of Gozag.
   729 | D:1      | Found an iron altar of Okawaru.
  1418 | D:2      | Reached XP level 3. HP: 29/34 MP: 2/2
  1475 | D:2      | Reached ** piety under Trog
  1750 | D:3      | Reached XP level 4. HP: 35/41 MP: 3/3
  2074 | D:2      | Reached skill level 5 in Axes
  2113 | D:3      | Noticed Terence
  2126 | D:3      | Killed Terence
  2191 | D:2      | Noticed Natasha
  2197 | D:2      | Killed Natasha
  2198 | D:2      | Reached XP level 5. HP: 47/47 MP: 4/4
  2476 | D:2      | Noticed Natasha
  2479 | D:2      | Killed Natasha
  2658 | D:2      | Noticed Natasha
  2669 | D:2      | Killed Natasha
  2853 | D:3      | Reached skill level 5 in Fighting
  2928 | D:3      | Reached *** piety under Trog
  2931 | D:3      | Reached skill level 6 in Axes
  2931 | D:3      | Reached XP level 6. HP: 34/56 MP: 5/5
  3225 | D:3      | Found a sparkling altar of Nemelex Xobeh.
  3600 | D:3      | Found a glowing silver altar of Zin.
  3600 | D:3      | Found a white marble altar of Elyvilon.
  3745 | D:5      | Entered Level 5 of the Dungeon
  3782 | D:4      | Found a runed translucent gate.
  3783 | D:4      | Found a runed translucent gate.
  3785 | D:4      | Found an opulent altar of Gozag.
  3791 | D:4      | Found a runed translucent gate.
  3792 | D:4      | Noticed lunkers's ghost (amateur KoBr)
  4046 | D:4      | Found a sparkling altar of Nemelex Xobeh.
  4144 | D:5      | Found a blossoming altar of Fedhas.
  4371 | D:5      | Noticed Menkaure
  4380 | D:5      | Killed Menkaure
  4381 | D:5      | Reached XP level 7. HP: 61/61 MP: 6/6
  4423 | D:5      | Reached skill level 1 in Stealth
  4477 | D:5      | Found a staircase to the Ecumenical Temple.
  4483 | Temple   | Entered the Ecumenical Temple
  4692 | D:5      | Reached skill level 7 in Axes
  4810 | D:6      | Reached skill level 5 in Armour
  4856 | D:6      | Found a shimmering blue altar of Sif Muna.
  4931 | D:6      | Reached skill level 5 in Dodging
  4931 | D:6      | Reached XP level 8. HP: 53/70 MP: 5/7
  5076 | D:6      | Reached skill level 8 in Axes
  5624 | D:6      | Reached skill level 9 in Axes
  5985 | D:7      | Reached XP level 9. HP: 69/79 MP: 6/8
  6028 | D:7      | Noticed a troll
  6037 | D:7      | Killed a troll
  6364 | D:4      | Reached **** piety under Trog
  6368 | D:4      | Killed lunkers's ghost
  6369 | D:4      | Reached skill level 10 in Axes
  6680 | D:7      | Found Niyx's Armour Boutique.
  6856 | D:7      | Found Hiakk's Distillery.
  6862 | D:7      | Bought a potion of heal wounds for 65 gold pieces
  6862 | D:7      | Bought a potion of curing for 39 gold pieces
  6862 | D:7      | Bought a potion of degeneration for 13 gold pieces
  6862 | D:7      | Bought a potion of curing for 39 gold pieces
  6862 | D:7      | Bought a potion of flight for 39 gold pieces
  6862 | D:7      | Bought a potion of might for 52 gold pieces
  7014 | D:8      | Found a bloodstained altar of Trog.
  7055 | D:8      | Found Noeczote's Magic Scroll Shoppe.
  7064 | D:8      | Bought a scroll of teleportation for 45 gold pieces
  7064 | D:8      | Bought a scroll of identify for 30 gold pieces
  7108 | D:8      | Found a glowing golden altar of the Shining One.
  7171 | D:9      | Noticed a two-headed ogre
  7180 | D:9      | Killed a two-headed ogre
  7181 | D:9      | Reached skill level 11 in Axes
  8018 | D:8      | Found a shadowy altar of Dithmenos.
  8072 | D:8      | Reached XP level 10. HP: 67/90 MP: 6/9
  8348 | D:8      | Got a heavily runed granite ring
  8350 | D:8      | Identified the ring of Juxum {Wiz rF+ Int+4} (You found it
                  | on level 8 of the Dungeon)
  9057 | D:9      | Found a staircase to the Orcish Mines.
  9136 | D:9      | Reached skill level 12 in Axes
 10086 | D:10     | Entered Level 10 of the Dungeon
 10279 | D:9      | Found a shimmering blue altar of Sif Muna.
 10289 | D:10     | Noticed an ice dragon
 10300 | D:10     | Killed an ice dragon
 10301 | D:10     | Reached skill level 13 in Axes
 10346 | D:10     | Got a bloodstained quarterstaff
 10741 | D:10     | Identified the +5 quarterstaff of Disgust {flame, rF+ rN+
                  | Will+ Dex-3} (You found it on level 10 of the Dungeon)
 10891 | D:10     | Noticed a boulder beetle
 10891 | D:10     | Noticed a deep elf pyromancer
 10903 | D:10     | Noticed a manticore
 11367 | D:10     | Killed a boulder beetle
 11368 | D:10     | Reached skill level 10 in Fighting
 11368 | D:10     | Reached XP level 11. HP: 99/99 MP: 10/10
 11390 | D:10     | Noticed an ice dragon
 11405 | D:10     | HP: 4/99 [ice dragon (10)]
 11406 | D:10     | Killed from afar by an ice dragon

Illustrated notes

Levels and vault maps discovered:
D:1:      dpeg_arrival_brainrot, layout_basic, ebering_dispersal_statue_hall,
          serial_bayou_pond_d, doesnt_xom_only_xom
D:2:      layout_basic, kennysheep_cross_bottleneck, hangedman_decor_lopped,
          kennysheep_generic_room_12, uniq_natasha
D:3:      layout_rooms, gammafunk_temple_overflow_elements,
          nemelex_altar_shiori, kennysheep_flooded_box, uniq_terence
D:4:      layout_cave_pools, ebering_ghost_gozag, dk_noncrumbling_4,
          nemelex_diamond_rough_becter
D:5:      layout_rooms, minmay_temple_entry_hall, fedhas_altar_2, uniq_menkaure
D:6:      layout_cave_pools, basic_altar
D:7:      layout_basic, serial_shops, nicolae_shop_crystal, shop,
          eino_tiny_chamber, interstate_on_off
D:8:      layout_layer_cave, trog_ov_bears_minmay, lemuel_crystal_altar,
          tso_altar, serial_shops, shop_fountains, water_boxes_lemuel
D:9:      layout_irregular_city, general_overflow_altar, david_orc_2,
          serial_park_tiny_1
D:10:     minmay_the_grid_4x2 [minmay_the_grid_dragon_a,
          minmay_the_grid_dragon_b, minmay_the_grid_box_x,
          minmay_the_grid_all_tris, minmay_the_grid_eight,
          minmay_the_grid_stretched_grid, minmay_the_grid_doors,
          minmay_the_grid_prize_trominoes], layout_long_grid
Temple:   regret_index_temple_waves

Skill      XL: |  1  2  3  4  5  6  7  8  9 10 |
---------------+-------------------------------+-----
Axes           | 4 5 6 7 9 11 13 | 13.6
Fighting       | 4 5 6 7 8 10 | 10.0
Dodging        | 3 4 5 6 7 |  7.2
Armour         | 3 4 5 6 7 8 |  8.3
Stealth        | 1 2 |  2.8
Throwing       | |  0.4
Evocations     | |  0.8

Action                   |  1- 3 |  4- 6 |  7- 9 | 10-12 || total
-------------------------+-------+-------+-------+-------++-------
Melee: Hand axe          |    95 |   129 |    90 |       ||   314
       Headbutt          |    12 |    31 |    39 |    26 ||   108
       Battleaxe         |       |       |    95 |   119 ||   214
Throw: Dart              |       |       |       |    12 ||    12
Invok: Berserk           |     1 |     3 |     3 |     4 ||    11
       Trog's Hand       |       |     1 |     1 |     2 ||     4
       Brothers in Arms  |       |       |       |     1 ||     1
 Abil: Evoke Flight      |       |       |       |     3 ||     3
  Use: Scroll            |       |       |     7 |     1 ||     8
       Potion            |       |       |       |     3 ||     3
 Stab: Sleeping          |       |       |     1 |       ||     1
Armor: Animal skin       |    14 |       |       |       ||    14
       Ring mail         |     2 |    26 |    38 |       ||    66
       Troll leather arm |       |       |     8 |    12 ||    20
       Leather armour    |       |       |       |    35 ||    35
Dodge: Dodged            |    66 |    81 |   128 |   112 ||   387

Table legend: (Time is in decaauts)
 A = Elapsed time spent in this place.
 B = Non-inter-level travel time spent in this place.
 C = Inter-level travel time spent in this place.
 D = Time resting spent in this place.
 E = Time spent auto-exploring this place.
 F = Levels seen in this place.
 G = Mean time per level.
                   A        B        C        D        E       F      G
               +--------+--------+--------+--------+--------+-----+--------+
         Total |  11559 |  10768 |    791 |    665 |   7013 |  11 | 1050.8 |
       Dungeon |  11424 |  10661 |    763 |    665 |   6908 |  10 | 1142.4 |
        Temple |    134 |    106 |     28 |      0 |    105 |   1 |  134.0 |
               +--------+--------+--------+--------+--------+-----+--------+

Top non-repeatable levels by time:
     D:8: 1889 daAuts
     D:9: 1781 daAuts
     D:2: 1508 daAuts
     D:1: 1225 daAuts
     D:7: 1158 daAuts
     D:6: 949 daAuts
     D:3: 935 daAuts
    D:10: 742 daAuts
     D:4: 729 daAuts
     D:5: 504 daAuts
  Temple: 134 daAuts
